 Dungeon Crawl Stone Soup version 0.27-a0-1202-ge72e49191c (webtiles) character file.

Game seed: 8214739512247299448

90 bilbop the Bolt Thrower (level 4, -4/38 HPs)
             Began as a Minotaur Hunter on June 5, 2021.
             Slain by a gnoll
             ... wielding a +0 spear
              (6 damage)
             ... on level 3 of the Dungeon.
             The game lasted 00:09:13 (1957 turns).

bilbop the Bolt Thrower (Minotaur Hunter)           Turns: 1957, Time: 00:09:14

Health: -4/38      AC:  8    Str: 18    XL:     4   Next: 32%
Magic:  3/3        EV:  7    Int:  8    God:
Gold:   49         SH:  0    Dex: 10    Spells: 3/3 levels left

rFire    . . .     SeeInvis .   b - +0 mace
rCold    . . .     Faith    .   (no shield)
rNeg     . . .     Spirit   .   j - +0 chain mail
rPois    .         Reflect  .   (helmet restricted)
rElec    .         Harm     .   (no cloak)
rCorr    .         Rampage  .   (no gloves)
Will     .....                  (no boots)
Stlth    ..........             (no amulet)
HPRegen  0.12/turn              (no ring)
MPRegen  0.08/turn              (no ring)

@: no status effects
A: horns 2, retaliatory headbutt
a: no special abilities


You were on level 3 of the Dungeon.
You visited 1 branch of the dungeon, and saw 3 of its levels.

You collected 49 gold pieces.

Inventory:

Hand Weapons
 a - a +1 hand crossbow
 b - a +0 mace (weapon)
 k - a +0 short sword
Missiles
 d - 3 bolts
Armour
 c - a +0 leather armour
 h - a +0 ring mail
 j - a +0 chain mail (worn)
Scrolls
 f - 3 scrolls of teleportation {unknown}
 i - a scroll of brand weapon {unknown}
 n - a scroll of fog {unknown}
 p - a scroll of enchant armour {unknown}
 r - 2 scrolls of enchant weapon {unknown}
 t - a scroll of immolation {unknown}
Potions
 e - a potion of brilliance {unknown}
 g - 3 potions of degeneration {unknown}
 l - a potion of curing {unknown}
 m - a potion of magic {unknown}
 o - a potion of might {unknown}
 q - a potion of heal wounds {unknown}
 s - a potion of lignification {unknown}


   Skills:
 + Level 3.3 Fighting
 * Level 3.2 Maces & Flails
 + Level 4.9 Crossbows
 + Level 1.2 Armour
 - Level 2.1 Dodging
 - Level 0.7 Stealth


You had 3 spell levels left.
You didn't know any spells.
Your spell library contained the following spells:

 Spells                   Type           Power      Damage    Failure   Level
 Foxfire                  Conj/Fire      0%         2x1d4     100%        1
 Magic Dart               Conj           0%         1d3       100%        1
 Blink                    Tloc           N/A        N/A       100%        2
 Call Imp                 Summ           0%         N/A       100%        2
 Slow                     Hex            0%         N/A       100%        2
 Conjure Flame            Conj/Fire      0%         6-21      100%        3
 Inner Flame              Hex/Fire       0%         N/A       100%        3
 Mephitic Cloud           Conj/Pois/Air  0%         N/A       100%        3
 Swiftness                Air            0%         N/A       100%        3
 Sticky Flame             Conj/Fire      0%         2d3       100%        4
 Fireball                 Conj/Fire      0%         3d3       100%        5


Dungeon Overview and Level Annotations

Branches:
Dungeon (3/15)

Altars:


Innate Abilities, Weirdness & Mutations

You have a pair of horns on your head.
You reflexively headbutt those who attack you in melee.


Message History

You hit the gnoll.
You kill the gnoll!
The gnoll barely misses you. The gnoll hits you with a +0 club.
The gnoll hits you but does no damage.
You closely miss the gnoll. The gnoll hits you but does no damage.
The gnoll closely misses you. The gnoll hits you but does no damage.
You closely miss the gnoll. You headbutt the gnoll!
The gnoll is severely wounded.
The gnoll hits you from afar with a +0 spear.
The gnoll barely misses you. You furiously retaliate!
You headbutt the gnoll. You hit the gnoll but do no damage.
The gnoll is almost dead.
The gnoll hits you from afar with a +0 spear.
The gnoll hits you but does no damage.
You closely miss the gnoll.
The gnoll is almost dead.
The gnoll hits you but does no damage. The gnoll hits you with a +0 club!
The gnoll hits you from afar with a +0 spear.
You sock the gnoll!
You kill the gnoll!
The gnoll hits you from afar with a +0 spear.
* * * LOW HITPOINT WARNING * * *
The gnoll hits you with a +0 spear.
* * * LOW HITPOINT WARNING * * *
Found a leather armour.
Items here: ! ( ) †.
You sock the gnoll!
The gnoll is severely wounded.
The gnoll hits you with a +0 spear.
* * * LOW HITPOINT WARNING * * *
You barely miss the gnoll.
You headbutt the gnoll, but do no damage.
The gnoll is severely wounded.
The gnoll hits you but does no damage.
You barely miss the gnoll.
The gnoll is heavily wounded.
The gnoll hits you with a +0 spear.
* * * LOW HITPOINT WARNING * * *
The gnoll hits you with a +0 spear.
You die...

#.#...#
#...###
##..########
#...#[......
##.#.#......#
#....#.....(.
#....#...$..#
#...)#g.....#
#....@.....(#
###.####....#
#..# ...
[.... .
.......
......../
.........
..........


You could see a gnoll.

Vanquished Creatures
  An adder (D:2)
  2 gnolls (D:3)
  2 worms (D:2)
  3 dart slugs
  An endoplasm (D:1)
  2 giant cockroaches (D:1)
  3 goblins
  6 hobgoblins
  2 jackals (D:1)
  4 kobolds
  3 quokkas
  4 ball pythons
  4 bats
  4 frilled lizards
  8 rats
49 creatures vanquished.

Notes
Turn   | Place    | Note
-------+----------+-------------------------------------------
     0 | D:1      | bilbop the Minotaur Hunter began the quest for the Orb.
     0 | D:1      | Reached XP level 1. HP: 18/18 MP: 0/0
    80 | D:1      | Reached skill level 1 in Maces & Flails
   120 | D:1      | Reached XP level 2. HP: 22/25 MP: 1/1
  1068 | D:2      | Reached XP level 3. HP: 30/30 MP: 2/2
  1812 | D:2      | Identified Cyvishu's Grimoire of Feathers
  1901 | D:3      | Reached skill level 1 in Armour
  1934 | D:3      | Reached XP level 4. HP: 38/38 MP: 3/3
  1957 | D:3      | Slain by a gnoll

Illustrated notes

Levels and vault maps discovered:
D:1:      wander_arrival_chamber, layout_loops_corners
D:2:      layout_rooms, kennysheep_flooded_box, hangedman_decor_riveting,
          minmay_quantized
D:3:      layout_rooms, grunt_gozag_statues, nicolae_dithmenos_shadow_blocks,
          overflow_temple_1_default, okawaru_altar_gauntlet_db,
          gup_sewer_entry_spiral, nrook_mini_vaults

Skill      XL: |  1  2  3  4 |
---------------+-------------+-----
Maces & Flails | 1 2 3 |  3.2
Fighting       | 3 |  3.3
Armour         | 1 |  1.2
Crossbows      | |  4.9
Dodging        | |  2.1
Stealth        | |  0.7

Action                   |  1- 3 |  4- 6 || total
-------------------------+-------+-------++-------
Melee: Mace              |     1 |    18 ||    19
       Headbutt          |       |     4 ||     4
 Fire: Hand crossbow     |    91 |     2 ||    93
Armor: Leather armour    |     2 |       ||     2
       Chain mail        |    12 |    14 ||    26
Dodge: Dodged            |    11 |     6 ||    17

Table legend: (Time is in decaauts)
 A = Elapsed time spent in this place.
 B = Non-inter-level travel time spent in this place.
 C = Inter-level travel time spent in this place.
 D = Time resting spent in this place.
 E = Time spent auto-exploring this place.
 F = Levels seen in this place.
 G = Mean time per level.
                   A        B        C        D        E       F      G
               +--------+--------+--------+--------+--------+-----+--------+
         Total |   1984 |   1894 |     90 |      0 |   1620 |   3 |  661.3 |
       Dungeon |   1984 |   1894 |     90 |      0 |   1620 |   3 |  661.3 |
               +--------+--------+--------+--------+--------+-----+--------+

Top non-repeatable levels by time:
     D:1: 967 daAuts
     D:2: 944 daAuts
     D:3: 72 daAuts
